[ AOE2 MATCH · #477699586 ]
Team RMBohemians vs Persians
[ REPLAY ANALYSIS · EXTRACTED FROM THE RECORDED GAME ]
Feudal
—
Castle
—
Imperial
—
| APM avg | 42.3 |
| APM peak | 132 |
| eAPM avg | 24.8 |
| Villagers / military | 152 / 593 |
Focus
⚔️ 39.9% · 🌾 60.1%
Spearman ×472 · Hand Cannoneer ×73 · Bombard Cannon ×46 · Trade Cart ×8 · Monk ×1 · Trebuchet (Packed) ×1
Feudal
13:25
Castle
17:26
Imperial
31:53
| APM avg | 27.5 |
| APM peak | 69 |
| eAPM avg | 22.4 |
| Villagers / military | 176 / 856 |
Focus
⚔️ 32.4% · 🌾 67.6%
Spearman ×636 · Knight ×120 · Scout Cavalry ×65 · Mangonel ×14 · Throwing Axeman ×12 · Trebuchet (Packed) ×6
Feudal
10:48
Castle
19:18
Imperial
34:03
| APM avg | 12.9 |
| APM peak | 25 |
| eAPM avg | 11.0 |
| Villagers / military | 127 / 227 |
Focus
⚔️ 26.6% · 🌾 73.4%
Spearman ×77 · Battle Elephant ×52 · Ballista Elephant ×46 · Scout Cavalry ×35 · Scorpion ×11 · Trade Cart ×7
Feudal
11:51
Castle
20:43
Imperial
30:07
| APM avg | 14.8 |
| APM peak | 65 |
| eAPM avg | 12.7 |
| Villagers / military | 180 / 363 |
Focus
⚔️ 32.0% · 🌾 68.0%
Spearman ×198 · War Elephant ×141 · Scorpion ×15 · Trebuchet (Packed) ×9
Match map
Resources at game start + every placement click. Thick line = wall · dashed box = detected house wall. 🟡 gold · ⚪ stone · 🟢 berries · 🔶 boar · ⭕ relic
Inputs per minute
— Akiditya - - 彬彬有礼
Build order — Akiditya
First 150 of 540 actions detected
| 0:01 | Create | Villager (Male) |
| 0:01 | Create | Villager (Male) |
| 0:01 | Create | Villager (Male) |
| 0:02 | Create | Villager (Male) |
| 0:03 | Build | House |
| 0:04 | Build | House |
| 0:07 | Research | Loom |
| 0:07 | Create | Villager (Male) |
| 0:07 | Create | Villager (Male) |
| 0:08 | Create | Villager (Male) |
| 1:03 | Build | Palisade Wall |
| 1:49 | Create | Villager (Male) |
| 1:49 | Create | Villager (Male) |
| 2:30 | Build | House |
| 2:36 | Create | Villager (Male) |
| 3:03 | Create | Villager (Male) |
| 3:23 | Create | Villager (Male) |
| 3:32 | Build | Lumber Camp |
| 3:37 | Create | Villager (Male) |
| 3:46 | Create | Villager (Male) |
| 4:40 | Create | Villager (Male) |
| 4:51 | Build | House |
| 5:01 | Create | Villager (Male) |
| 5:16 | Create | Villager (Male) |
| 5:16 | Create | Villager (Male) |
| 5:45 | Build | House |
| 6:21 | Create | Villager (Male) |
| 6:35 | Create | Villager (Male) |
| 7:12 | Build | Mill |
| 7:18 | Create | Villager (Male) |
| 7:18 | Create | Villager (Male) |
| 7:18 | Create | Villager (Male) |
| 7:25 | Create | Villager (Male) |
| 8:13 | Build | House |
| 8:36 | Research | Feudal Age |
| 9:17 | Build | Mining Camp |
| 10:22 | Create | Villager (Male) |
| 10:22 | Create | Villager (Male) |
| 10:50 | Build | Blacksmith |
| 10:53 | Build | Market |
| 11:56 | Create | Villager (Male) |
| 12:09 | Create | Villager (Male) |
| 13:23 | Research | Castle Age |
| 14:46 | Research | Double-Bit Axe |
| 14:47 | Research | Horse Collar |
| 14:59 | Build | House |
| 15:07 | Build | House |
| 15:17 | Build | House |
| 15:53 | Build | House |
| 16:06 | Build | Town Center |
| 16:22 | Build | Town Center |
| 16:34 | Research | Wheelbarrow |
| 16:35 | Research | Town Watch |
| 16:37 | Research | Bow Saw |
| 17:35 | Research | Heavy Plow |
| 17:39 | Create | Villager (Male) |
| 18:04 | Create | Villager (Male) |
| 18:07 | Create | Villager (Male) |
| 18:15 | Build | Farm |
| 18:16 | Build | Farm |
| 18:16 | Build | Farm |
| 18:16 | Build | Farm |
| 18:16 | Build | Farm |
| 18:16 | Build | Farm |
| 18:17 | Build | Farm |
| 18:17 | Build | Farm |
| 18:32 | Create | Villager (Male) |
| 18:34 | Create | Villager (Male) |
| 18:42 | Build | Farm |
| 18:46 | Build | Farm |
| 19:01 | Build | Farm |
| 19:15 | Create | Villager (Male) |
| 19:16 | Create | Villager (Male) |
| 19:18 | Create | Villager (Male) |
| 19:25 | Build | Farm |
| 19:25 | Build | Farm |
| 19:26 | Build | Farm |
| 19:35 | Build | Farm |
| 19:42 | Create | Villager (Male) |
| 19:48 | Build | Farm |
| 19:54 | Build | Farm |
| 19:59 | Create | Villager (Male) |
| 20:06 | Create | Villager (Male) |
| 20:09 | Build | Farm |
| 20:21 | Build | Farm |
| 20:22 | Build | Farm |
| 20:28 | Build | Farm |
| 20:35 | Create | Villager (Male) |
| 20:39 | Create | Villager (Male) |
| 20:39 | Create | Villager (Male) |
| 20:48 | Create | Villager (Male) |
| 20:54 | Build | Farm |
| 20:56 | Build | Farm |
| 21:02 | Create | Villager (Male) |
| 21:07 | Create | Villager (Male) |
| 21:09 | Build | Farm |
| 21:21 | Build | Farm |
| 21:23 | Build | Farm |
| 21:25 | Create | Villager (Male) |
| 21:32 | Create | Villager (Male) |
| 21:35 | Build | Farm |
| 21:38 | Create | Villager (Male) |
| 21:45 | Build | Farm |
| 21:47 | Build | Farm |
| 21:50 | Build | Farm |
| 21:52 | Create | Villager (Male) |
| 21:59 | Create | Villager (Male) |
| 22:04 | Create | Villager (Male) |
| 22:08 | Build | Farm |
| 22:13 | Build | House |
| 22:20 | Build | House |
| 22:22 | Create | Villager (Male) |
| 22:24 | Create | Villager (Male) |
| 22:27 | Create | Villager (Male) |
| 22:32 | Build | House |
| 22:33 | Build | House |
| 22:41 | Build | House |
| 22:44 | Create | Villager (Male) |
| 22:48 | Create | Villager (Male) |
| 22:52 | Create | Villager (Male) |
| 22:53 | Create | Villager (Male) |
| 22:54 | Create | Villager (Male) |
| 23:00 | Build | Farm |
| 23:08 | Create | Villager (Male) |
| 23:30 | Build | University |
| 23:38 | Create | Villager (Male) |
| 23:41 | Research | Hand Cart |
| 23:45 | Create | Villager (Male) |
| 23:46 | Create | Villager (Male) |
| 23:47 | Create | Villager (Male) |
| 23:53 | Create | Villager (Male) |
| 24:10 | Build | Monastery |
| 24:22 | Create | Villager (Male) |
| 24:22 | Create | Villager (Male) |
| 24:23 | Create | Villager (Male) |
| 24:25 | Create | Villager (Male) |
| 24:25 | Create | Villager (Male) |
| 24:26 | Create | Villager (Male) |
| 24:26 | Create | Villager (Male) |
| 24:52 | Build | Barracks |
| 25:02 | Build | Barracks |
| 25:05 | Create | Villager (Male) |
| 25:10 | Build | House |
| 25:13 | Build | House |
| 25:14 | Build | House |
| 25:15 | Create | Villager (Male) |
| 25:21 | Create | Villager (Male) |
| 25:23 | Create | Villager (Male) |
| 25:23 | Create | Villager (Male) |
| 25:49 | Research | Imperial Age |
Build order — 彬彬有礼
First 150 of 636 actions detected
| 0:02 | Create | Villager (Male) |
| 0:03 | Research | Loom |
| 0:06 | Create | Villager (Male) |
| 0:06 | Create | Villager (Male) |
| 0:07 | Create | Villager (Male) |
| 0:13 | Build | House |
| 1:22 | Build | House |
| 1:28 | Create | Villager (Male) |
| 2:18 | Create | Villager (Male) |
| 2:18 | Create | Villager (Male) |
| 2:50 | Create | Villager (Male) |
| 2:50 | Create | Villager (Male) |
| 3:03 | Build | House |
| 3:11 | Create | Villager (Male) |
| 3:23 | Create | Villager (Male) |
| 3:41 | Build | Palisade Wall |
| 4:02 | Create | Villager (Male) |
| 4:02 | Create | Villager (Male) |
| 4:48 | Build | Lumber Camp |
| 4:51 | Create | Villager (Male) |
| 4:51 | Create | Villager (Male) |
| 5:12 | Create | Villager (Male) |
| 5:56 | Create | Villager (Male) |
| 5:56 | Create | Villager (Male) |
| 6:08 | Build | House |
| 6:10 | Build | House |
| 6:33 | Create | Villager (Male) |
| 6:34 | Create | Villager (Male) |
| 7:05 | Create | Villager (Male) |
| 7:05 | Create | Villager (Male) |
| 7:05 | Create | Villager (Male) |
| 7:06 | Create | Villager (Male) |
| 7:09 | Create | Villager (Male) |
| 7:16 | Build | Mining Camp |
| 7:43 | Create | Villager (Male) |
| 7:43 | Create | Villager (Male) |
| 8:06 | Create | Villager (Male) |
| 8:10 | Build | Mill |
| 8:24 | Build | Mill |
| 8:25 | Create | Villager (Male) |
| 8:25 | Create | Villager (Male) |
| 8:25 | Create | Villager (Male) |
| 8:26 | Create | Villager (Male) |
| 10:14 | Build | Mining Camp |
| 10:50 | Create | Villager (Male) |
| 11:13 | Research | Feudal Age |
| 11:32 | Build | House |
| 12:57 | Create | Villager (Male) |
| 12:57 | Create | Villager (Male) |
| 13:03 | Create | Villager (Male) |
| 13:25 | Age | Feudal Age |
| 13:35 | Build | Market |
| 13:43 | Build | Blacksmith |
| 14:39 | Build | Stone Wall |
| 14:46 | Research | Castle Age |
| 14:48 | Research | Wheelbarrow |
| 15:37 | Build | Farm |
| 15:38 | Build | Farm |
| 15:40 | Build | Farm |
| 15:44 | Build | Farm |
| 15:49 | Build | Farm |
| 15:55 | Build | Farm |
| 16:06 | Build | Farm |
| 16:47 | Build | Stone Wall |
| 17:01 | Build | House |
| 17:16 | Build | Stone Wall |
| 17:26 | Age | Castle Age |
| 17:35 | Research | Double-Bit Axe |
| 17:49 | Build | Town Center |
| 18:10 | Create | Villager (Male) |
| 18:29 | Build | Town Center |
| 18:40 | Research | Bow Saw |
| 18:48 | Create | Villager (Male) |
| 18:48 | Create | Villager (Male) |
| 18:49 | Create | Villager (Male) |
| 19:11 | Create | Villager (Male) |
| 19:14 | Create | Villager (Male) |
| 19:23 | Build | Farm |
| 19:29 | Create | Villager (Male) |
| 19:42 | Create | Villager (Male) |
| 19:43 | Create | Villager (Male) |
| 19:50 | Create | Villager (Male) |
| 19:51 | Create | Villager (Male) |
| 19:51 | Create | Villager (Male) |
| 19:53 | Build | Farm |
| 19:55 | Build | Farm |
| 20:12 | Build | Castle |
| 20:24 | Build | Farm |
| 20:24 | Create | Villager (Male) |
| 20:25 | Create | Villager (Male) |
| 20:25 | Create | Villager (Male) |
| 20:40 | Create | Villager (Male) |
| 20:46 | Build | Farm |
| 20:48 | Build | Farm |
| 20:48 | Create | Villager (Male) |
| 21:00 | Build | Farm |
| 21:09 | Build | House |
| 21:12 | Build | House |
| 21:13 | Create | Villager (Male) |
| 21:20 | Build | Farm |
| 21:21 | Create | Villager (Male) |
| 21:24 | Create | Villager (Male) |
| 21:24 | Create | Villager (Male) |
| 21:54 | Build | Stone Wall |
| 22:15 | Build | Town Center |
| 22:19 | Create | Villager (Male) |
| 22:19 | Create | Villager (Male) |
| 22:19 | Create | Villager (Male) |
| 22:20 | Create | Villager (Male) |
| 22:21 | Create | Villager (Male) |
| 22:21 | Create | Villager (Male) |
| 22:32 | Build | Building 487 |
| 22:32 | Create | Villager (Male) |
| 22:32 | Create | Villager (Male) |
| 22:33 | Create | Villager (Male) |
| 22:34 | Create | Villager (Male) |
| 22:39 | Build | House |
| 22:40 | Build | House |
| 22:41 | Build | House |
| 22:42 | Create | Villager (Male) |
| 22:48 | Build | Farm |
| 22:49 | Build | Farm |
| 22:55 | Build | Farm |
| 22:56 | Build | Farm |
| 22:59 | Create | Villager (Male) |
| 22:59 | Create | Villager (Male) |
| 23:00 | Create | Villager (Male) |
| 23:01 | Create | Villager (Male) |
| 23:10 | Build | Farm |
| 23:11 | Build | Farm |
| 23:12 | Create | Villager (Male) |
| 23:12 | Create | Villager (Male) |
| 23:14 | Build | Farm |
| 23:16 | Create | Villager (Male) |
| 23:36 | Build | Town Center |
| 23:36 | Create | Villager (Male) |
| 23:37 | Create | Villager (Male) |
| 23:46 | Create | Villager (Male) |
| 23:50 | Create | Villager (Male) |
| 23:52 | Build | Farm |
| 23:53 | Build | Farm |
| 24:01 | Build | Farm |
| 24:06 | Build | Farm |
| 24:07 | Build | Farm |
| 24:13 | Build | Farm |
| 24:16 | Build | Farm |
| 24:18 | Build | Farm |
| 24:22 | Create | Villager (Male) |
| 24:22 | Create | Villager (Male) |
| 24:23 | Create | Villager (Male) |
Build order — adjorno
First 150 of 381 actions detected
| 0:02 | Create | Villager (Male) ×4 |
| 0:02 | Create | Villager (Male) ×4 |
| 0:07 | Build | House |
| 0:13 | Build | House |
| 0:14 | Build | House |
| 0:14 | Build | House |
| 1:19 | Build | Palisade Wall |
| 1:45 | Create | Villager (Male) |
| 1:45 | Create | Villager (Male) |
| 2:17 | Research | Loom |
| 2:17 | Create | Villager (Male) |
| 3:02 | Create | Villager (Male) |
| 3:55 | Build | Palisade Wall |
| 4:03 | Create | Villager (Male) |
| 4:04 | Create | Villager (Male) |
| 4:41 | Create | Villager (Male) |
| 5:02 | Create | Villager (Male) |
| 5:23 | Create | Villager (Male) |
| 5:43 | Create | Villager (Male) |
| 6:04 | Create | Villager (Male) |
| 6:27 | Build | House |
| 6:45 | Create | Villager (Male) |
| 6:53 | Build | Mill |
| 7:32 | Create | Villager (Male) |
| 8:07 | Create | Villager (Male) |
| 8:34 | Build | Lumber Camp |
| 8:38 | Research | Feudal Age |
| 8:39 | Create | Villager (Male) |
| 9:40 | Build | House |
| 10:07 | Build | House |
| 10:48 | Age | Feudal Age |
| 10:50 | Create | Villager (Male) |
| 10:50 | Create | Villager (Male) |
| 11:03 | Research | Horse Collar |
| 11:21 | Create | Villager (Male) |
| 11:37 | Build | Mining Camp |
| 11:42 | Research | Double-Bit Axe |
| 11:48 | Create | Villager (Male) |
| 12:12 | Build | Farm |
| 12:13 | Build | Farm |
| 12:15 | Build | Farm |
| 12:17 | Build | Farm |
| 12:18 | Build | Farm |
| 12:19 | Build | Farm |
| 12:43 | Build | Farm |
| 12:50 | Create | Villager (Male) |
| 12:50 | Create | Villager (Male) |
| 13:04 | Build | Lumber Camp |
| 13:14 | Create | Villager (Male) |
| 13:21 | Build | Farm |
| 13:37 | Build | Farm |
| 13:47 | Build | Farm |
| 13:49 | Create | Villager (Male) |
| 14:01 | Build | Farm |
| 14:13 | Build | Farm |
| 14:15 | Create | Villager (Male) |
| 14:31 | Build | Farm |
| 14:38 | Create | Villager (Male) |
| 14:45 | Build | House |
| 14:46 | Build | House |
| 15:01 | Build | Farm |
| 15:05 | Create | Villager (Male) |
| 15:28 | Create | Villager (Male) |
| 15:54 | Build | Farm |
| 16:06 | Build | Mining Camp |
| 16:13 | Create | Villager (Male) |
| 16:36 | Research | Castle Age |
| 16:50 | Build | Lumber Camp |
| 16:56 | Research | Stone Mining |
| 17:26 | Build | Stone Wall |
| 17:34 | Create | Villager (Male) |
| 17:34 | Create | Villager (Male) |
| 17:49 | Build | Stable |
| 18:31 | Research | Gold Mining |
| 18:38 | Research | Town Watch |
| 18:39 | Create | Villager (Male) |
| 18:39 | Create | Villager (Male) |
| 19:18 | Age | Castle Age |
| 19:25 | Build | Town Center |
| 19:29 | Research | Bow Saw |
| 19:34 | Research | Stone Shaft Mining |
| 19:37 | Create | Villager (Male) |
| 19:41 | Research | Heavy Plow |
| 20:27 | Create | Villager (Male) |
| 20:27 | Create | Villager (Male) |
| 20:27 | Create | Villager (Male) |
| 20:28 | Create | Villager (Male) |
| 20:29 | Create | Villager (Male) |
| 20:45 | Build | Monastery |
| 20:55 | Create | Villager (Male) |
| 21:04 | Create | Villager (Male) |
| 21:33 | Create | Villager (Male) |
| 21:49 | Build | Market |
| 21:55 | Research | Husbandry |
| 21:57 | Create | Villager (Male) |
| 22:00 | Create | Villager (Male) |
| 22:17 | Build | Town Center |
| 22:27 | Create | Villager (Male) |
| 22:51 | Create | Villager (Male) |
| 23:09 | Build | Farm |
| 23:10 | Build | Farm |
| 23:11 | Build | Farm |
| 23:12 | Build | Farm |
| 23:14 | Build | Farm |
| 23:16 | Build | Farm |
| 23:22 | Create | Villager (Male) |
| 23:22 | Create | Villager (Male) |
| 23:32 | Build | House |
| 23:51 | Build | Castle |
| 23:58 | Research | Wheelbarrow |
| 24:07 | Create | Villager (Male) ×5 |
| 24:25 | Create | Villager (Male) |
| 24:25 | Create | Villager (Male) |
| 24:36 | Build | House |
| 24:37 | Build | House |
| 24:38 | Build | House |
| 24:44 | Research | Caravan |
| 24:45 | Research | Coinage |
| 24:46 | Create | Trade Cart |
| 25:01 | Create | Villager (Male) |
| 25:01 | Create | Villager (Male) |
| 25:09 | Create | Villager (Male) |
| 25:09 | Create | Villager (Male) |
| 25:14 | Create | Villager (Male) |
| 25:14 | Create | Villager (Male) |
| 25:33 | Build | Mining Camp |
| 25:48 | Build | Blacksmith |
| 25:53 | Create | Villager (Male) |
| 25:58 | Create | Villager (Male) |
| 25:58 | Create | Villager (Male) |
| 26:01 | Create | Villager (Male) |
| 26:01 | Create | Villager (Male) |
| 26:08 | Build | House |
| 26:09 | Build | House |
| 26:10 | Build | House |
| 26:15 | Create | Villager (Male) |
| 26:15 | Create | Villager (Male) |
| 26:29 | Build | Farm |
| 26:31 | Build | Farm |
| 26:33 | Build | Farm |
| 26:42 | Research | Hand Cart |
| 26:52 | Build | Farm |
| 26:57 | Build | Farm |
| 27:04 | Create | Villager (Male) ×3 |
| 27:13 | Create | Ballista Elephant |
| 27:24 | Create | Monk |
| 27:35 | Create | Villager (Male) |
| 27:35 | Create | Villager (Male) |
| 27:47 | Build | Farm |
| 27:48 | Build | Farm |
Build order — 旺旺
First 150 of 399 actions detected
| 0:07 | Build | House |
| 0:08 | Build | House |
| 0:09 | Build | House |
| 0:10 | Build | House |
| 0:13 | Create | Villager (Male) ×5 |
| 0:13 | Create | Villager (Male) ×5 |
| 1:15 | Build | Palisade Wall |
| 2:16 | Create | Villager (Male) |
| 2:36 | Create | Villager (Male) |
| 3:01 | Create | Villager (Male) |
| 3:52 | Create | Villager (Male) ×2 |
| 4:13 | Create | Villager (Male) |
| 4:22 | Build | Mill |
| 4:26 | Create | Villager (Male) |
| 4:26 | Create | Villager (Male) |
| 4:46 | Create | Villager (Male) |
| 4:55 | Create | Villager (Male) |
| 4:55 | Create | Villager (Male) |
| 5:24 | Create | Villager (Male) |
| 5:48 | Create | Villager (Male) |
| 5:49 | Create | Villager (Male) |
| 6:30 | Create | Villager (Male) |
| 6:45 | Create | Villager (Male) |
| 6:45 | Create | Villager (Male) |
| 6:45 | Create | Villager (Male) |
| 7:21 | Build | Lumber Camp |
| 7:26 | Create | Villager (Male) |
| 7:26 | Create | Villager (Male) |
| 8:00 | Create | Villager (Male) |
| 8:00 | Create | Villager (Male) |
| 8:01 | Create | Villager (Male) |
| 8:01 | Create | Villager (Male) |
| 9:22 | Build | Mill |
| 9:47 | Research | Feudal Age |
| 9:58 | Build | House |
| 9:59 | Build | House |
| 10:00 | Build | House |
| 10:02 | Build | House |
| 11:51 | Age | Feudal Age |
| 11:54 | Research | Double-Bit Axe |
| 11:56 | Create | Villager (Male) ×5 |
| 11:56 | Create | Villager (Male) ×5 |
| 11:56 | Create | Villager (Male) ×4 |
| 12:41 | Create | Villager (Male) |
| 12:49 | Build | Farm |
| 12:50 | Build | Farm |
| 12:52 | Build | Farm |
| 12:54 | Build | Farm |
| 12:55 | Build | Farm |
| 12:57 | Build | Farm |
| 12:58 | Build | Farm |
| 13:32 | Build | Farm |
| 13:34 | Build | Farm |
| 13:36 | Build | Farm |
| 13:37 | Build | Farm |
| 13:39 | Build | Farm |
| 13:40 | Build | Farm |
| 13:43 | Build | Farm |
| 14:02 | Build | Watch Tower |
| 14:11 | Build | Stone Wall |
| 14:16 | Build | Building 487 |
| 14:44 | Build | Farm |
| 14:45 | Build | Farm |
| 14:48 | Build | Farm |
| 14:49 | Build | Farm |
| 16:01 | Create | Villager (Male) |
| 16:01 | Create | Villager (Male) |
| 16:01 | Create | Villager (Male) |
| 16:21 | Build | Blacksmith |
| 16:35 | Build | Market |
| 16:42 | Create | Villager (Male) |
| 16:43 | Create | Villager (Male) |
| 16:43 | Create | Villager (Male) |
| 16:43 | Create | Villager (Male) |
| 16:56 | Build | Mining Camp |
| 17:42 | Build | House |
| 17:43 | Build | House |
| 17:44 | Build | House |
| 17:46 | Build | House |
| 17:48 | Build | House |
| 18:11 | Research | Castle Age |
| 18:14 | Research | Stone Mining |
| 18:17 | Research | Horse Collar |
| 19:31 | Build | Lumber Camp |
| 20:08 | Build | Mining Camp |
| 20:43 | Age | Castle Age |
| 20:45 | Research | Bow Saw |
| 20:50 | Research | Heavy Plow |
| 20:54 | Create | Villager (Male) ×5 |
| 20:54 | Create | Villager (Male) ×5 |
| 20:54 | Create | Villager (Male) ×5 |
| 20:54 | Create | Villager (Male) ×5 |
| 21:08 | Build | Town Center |
| 21:31 | Build | Town Center |
| 22:11 | Create | Villager (Male) |
| 22:11 | Create | Villager (Male) |
| 22:11 | Create | Villager (Male) |
| 22:12 | Create | Villager (Male) |
| 22:12 | Create | Villager (Male) |
| 22:43 | Create | Villager (Male) ×5 |
| 22:44 | Create | Villager (Male) ×3 |
| 22:44 | Create | Villager (Male) ×3 |
| 22:51 | Build | Farm |
| 22:53 | Build | Farm |
| 22:55 | Build | Farm |
| 22:56 | Build | Farm |
| 22:57 | Build | Farm |
| 22:59 | Build | Farm |
| 24:13 | Create | Villager (Male) |
| 24:13 | Create | Villager (Male) |
| 24:13 | Create | Villager (Male) |
| 24:14 | Create | Villager (Male) |
| 24:14 | Create | Villager (Male) |
| 24:24 | Build | Farm |
| 24:25 | Build | Farm |
| 24:28 | Build | Farm |
| 24:29 | Build | Farm |
| 24:30 | Build | Farm |
| 24:31 | Build | Farm |
| 24:33 | Build | Farm |
| 24:34 | Build | Farm |
| 24:36 | Build | Farm |
| 24:37 | Build | Farm |
| 24:39 | Build | Farm |
| 24:40 | Build | Farm |
| 24:45 | Create | Villager (Male) |
| 24:45 | Create | Villager (Male) |
| 24:46 | Create | Villager (Male) |
| 25:03 | Build | Castle |
| 25:14 | Build | Mining Camp |
| 25:30 | Create | Villager (Male) |
| 25:30 | Create | Villager (Male) |
| 25:30 | Create | Villager (Male) |
| 25:31 | Create | Villager (Male) |
| 25:31 | Create | Villager (Male) |
| 25:31 | Create | Villager (Male) |
| 25:47 | Build | Lumber Camp |
| 26:57 | Build | Town Center |
| 27:22 | Research | Imperial Age |
| 27:36 | Research | Gold Mining |
| 27:45 | Build | Farm |
| 27:46 | Build | Farm |
| 27:47 | Build | Farm |
| 27:49 | Build | Farm |
| 27:51 | Build | Farm |
| 27:55 | Build | Farm |
| 28:00 | Create | Villager (Male) |
| 28:00 | Create | Villager (Male) |
| 28:00 | Create | Villager (Male) |
| 28:00 | Create | Villager (Male) |
Match timeline
| 1:03 | Akiditya · wall_segment Palisade Wall x9 |
| 1:15 | 旺旺 · wall_segment Palisade Wall x10 |
| 1:19 | adjorno · wall_segment Palisade Wall x13 |
| 3:41 | 彬彬有礼 · wall_segment Palisade Wall x11 |
| 3:55 | adjorno · wall_segment Palisade Wall x15 |
| 10:48 | adjorno · age_up feudal |
| 11:51 | 旺旺 · age_up feudal |
| 13:19 | Akiditya · first_market_buy 100 food |
| 13:25 | 彬彬有礼 · age_up feudal |
| 14:11 | 旺旺 · wall_segment Stone Wall x11 |
| 14:39 | 彬彬有礼 · wall_segment Stone Wall x9 |
| 16:47 | 彬彬有礼 · wall_segment Stone Wall x5 |
| 17:16 | 彬彬有礼 · wall_segment Stone Wall x5 |
| 17:26 | adjorno · wall_segment Stone Wall x14 |
| 17:26 | 彬彬有礼 · age_up castle |
| 17:49 | adjorno · first_building Stable |
| 18:03 | 旺旺 · first_market_sell 100 wood |
| 19:18 | adjorno · age_up castle |
| 20:12 | 彬彬有礼 · first_building Castle |
| 20:43 | 旺旺 · age_up castle |
| 20:45 | adjorno · first_building Monastery |
| 21:54 | 彬彬有礼 · wall_segment Stone Wall x14 |
| 23:51 | adjorno · first_building Castle |
| 24:10 | Akiditya · first_building Monastery |
| 24:52 | Akiditya · first_building Barracks |
| 25:03 | 旺旺 · first_building Castle |
| 26:16 | Akiditya · first_building Archery Range |
| 26:33 | Akiditya · first_building Castle |
| 26:34 | 彬彬有礼 · first_building Barracks |
| 28:11 | 彬彬有礼 · first_building Stable |
| 28:38 | Akiditya · first_building Siege Workshop |
| 29:36 | 旺旺 · first_building Barracks |
| 30:07 | 旺旺 · age_up imperial |
| 31:53 | 彬彬有礼 · age_up imperial |
| 32:34 | 彬彬有礼 · first_building Monastery |
| 33:19 | 旺旺 · first_building Stable |
| 34:03 | adjorno · age_up imperial |
| 34:39 | 旺旺 · first_building Siege Workshop |
| 40:56 | adjorno · first_building Barracks |
| 41:59 | adjorno · wall_segment Stone Wall x11 |
| 43:11 | adjorno · wall_segment Stone Wall x7 |
| 43:30 | 彬彬有礼 · first_building Siege Workshop |
| 45:40 | adjorno · first_building Siege Workshop |
| 56:29 | 旺旺 · wall_segment Stone Wall x18 |
| 61:38 | Akiditya · resign |
[ AI ANALYSIS · 1 CREDIT ]
What really happened in this match?
Wolo.gg analyzes every decision: build order, eco, micro, common mistakes by bracket. Personalized analysis on WhatsApp or Discord in 30 seconds.
Civ guide
Bohemians
Map guide
Black Forest
Perfil
Akiditya